 Dungeon Crawl Stone Soup version 0.27-b1-41-gafb5482f4b (webtiles) character file.

Game seed: 17020572420510122996

2182 Urokeeper the Quickloader (level 9, 0/62 HPs)
             Began as a Human Hunter on July 28, 2021.
             Succumbed to a killer bee's poison
             ... on level 7 of the Dungeon.
             The game lasted 00:37:29 (6723 turns).

Urokeeper the Quickloader (Human Hunter)            Turns: 6723, Time: 00:37:30

Health: 0/62       AC: 10    Str: 11 (13) XL:     9   Next: 59%
Magic:  9/9        EV: 11    Int: 10 (12) God:
Gold:   414        SH:  0    Dex: 13 (16) Spells: 7/8 levels left

rFire    + . .     SeeInvis .   a - +1 hand crossbow
rCold    + . .     Faith    .   (no shield)
rNeg     . . .     Spirit   .   l - +0 ring mail
rPois    +         Reflect  .   g - +1 helmet
rElec    .         Harm     .   E - scarf {rC+ rF+}
rCorr    .         Rampage  .   (no gloves)
Will     .....                  (no boots)
Stlth    +.........             (no amulet)
HPRegen  0.20/turn              t - ring of poison resistance
MPRegen  0.11/turn              (no ring)

@: lethally poisoned (0 -> -3), attractive
A: hooves 1, iridescent scales 1, frail 1
a: no special abilities


You were on level 7 of the Dungeon.
You visited 1 branch of the dungeon, and saw 7 of its levels.

You collected 414 gold pieces.

Inventory:

Hand Weapons
 a - a +1 hand crossbow (weapon)
 b - a +0 short sword
 z - a +3 dagger
Missiles
 d - 23 bolts (quivered ammo)
 i - 71 sling bullets
 k - 160 stones
 r - 94 arrows
 y - 16 poisoned darts
 C - 5 boomerangs
Armour
 c - a +0 leather armour
 g - a +1 helmet (worn)
 l - a +0 ring mail (worn)
 E - a scarf of resistance (worn)
Jewellery
 t - a ring of poison resistance (left hand)
 F - a ring of protection from fire
Scrolls
 h - 2 scrolls of enchant armour
 j - a scroll of teleportation
 m - 3 scrolls of amnesia
 n - a scroll of silence
 w - 3 scrolls of vulnerability
 x - 2 scrolls of noise
 D - a scroll of identify
Potions
 e - a potion of lignification
 o - a potion of curing {unknown}
 p - a potion of mutation
 q - 3 potions of brilliance
 s - a potion of heal wounds {unknown}
 u - a potion of degeneration
 v - a potion of attraction
 A - a potion of haste {unknown}
 B - a potion of flight {unknown}


   Skills:
 + Level 5.9 Fighting
 + Level 0.5 Short Blades
 + Level 9.6 Crossbows
 + Level 0.2 Throwing
 + Level 4.5 Armour
 + Level 3.2 Dodging
 + Level 2.6 Stealth


You had 7 spell levels left.
You knew the following spells:

 Your Spells              Type           Power      Damage    Failure   Level
a - Freeze                Ice            0%         1d3       63%         1

Your spell library contained the following spells:

 Spells                   Type           Power      Damage    Failure   Level
 Frozen Ramparts          Ice            0%         1d2       94%         3
 Hailstorm                Conj/Ice       0%         3d3       100%        4


Dungeon Overview and Level Annotations

Branches:
Dungeon (7/15)
 Temple: D:4-7

Altars:
Fedhas
Gozag
Zin

Shops:
D:5 :*


Innate Abilities, Weirdness & Mutations

You have large cloven feet.
You are partially covered in iridescent scales. (AC +2)
You are frail. (-10% HP)


Message History

You are lethally poisoned!
The killer bee poisons you! The killer bee closely misses you.
Your surroundings suddenly seem different.
* * * LOW HITPOINT WARNING * * *
You feel very sick.
Found a scroll of identify, 14 gold pieces and a ring mail.
Found two stone staircases leading down.
It was a potion of lignification.
You turn into a tree.
Your scarf of resistance melds into your body.
Your +1 helmet melds into your body.
Your +0 ring mail melds into your body.
You feel hot and cold all over.
Your roots penetrate the ground.
* * * LOW HITPOINT WARNING * * *
You feel sick.
Unknown command.
It was a potion of mutation.
You feel extremely strange.
You feel frail.
Iridescent scales grow over part of your body.
Your feet thicken and deform.
* * * LOW HITPOINT WARNING * * *
You feel sick.
It was a potion of degeneration.
There was something very wrong with that liquid.
You feel weakened.
You feel dopey.
You feel clumsy.
* * * LOW HITPOINT WARNING * * *
You feel sick.
It was a potion of attraction.
You feel attractive to monsters.
* * * LOW HITPOINT WARNING * * *
You feel sick.
Unknown command.
It was a potion of cancellation.
Your magical effects are unravelling.
You feel magically purged.
You feel less wooden.
Your scarf of resistance unmelds from your body.
Your +1 helmet unmelds from your body.
Your +0 ring mail unmelds from your body.
You feel resistant to extremes of temperature.
You feel a little less clever now.
You die...

... ..# ##.
..>......
..#.... .
....... .(.(.(.
.. ...... ...#
... ..... #
.[.. ...# #
.....#..## #
.........##
.......@..# ...
..........?....
#...
#..............
...
##.......$.###.
.. ##.>......#
. ...........
##...........
.............


There were no monsters in sight!

Vanquished Creatures
  Grinder (D:6)
  A steam dragon (D:6)
  2 water moccasins
  2 sky beasts (D:6)
  An ice beast (D:3)
  A black bear (D:4)
  2 ogres
  Blork the orc (D:5)
  3 scorpions
  2 killer bees (D:7)
  A water moccasin skeleton (D:5)
  2 howler monkeys (D:5)
  A centaur zombie (D:7)
  5 jellies (D:6)
  An orc priest (D:4)
  A bullfrog skeleton (D:6)
  Jessica (D:3)
  An iguana (D:5)
  2 orc wizards
  7 gnolls
  10 adders
  A shadow imp (D:4)
  An ufetubus (D:4)
  4 worms
  6 dart slugs
  15 orcs
  12 endoplasms
  3 giant cockroaches (D:1)
  6 goblins
  8 hobgoblins
  2 jackals (D:1)
  3 kobolds
  3 quokkas
  4 ball pythons
  5 bats
  4 rats
125 creatures vanquished.

Notes
Turn   | Place    | Note
-------+----------+-------------------------------------------
     0 | D:1      | Urokeeper the Human Hunter began the quest for the Orb.
     0 | D:1      | Reached XP level 1. HP: 16/16 MP: 1/1
   189 | D:1      | Reached XP level 2. HP: 22/22 MP: 2/2
   440 | D:1      | Reached XP level 3. HP: 25/27 MP: 3/3
  1021 | D:2      | Reached skill level 5 in Crossbows
  1021 | D:2      | Reached XP level 4. HP: 33/33 MP: 4/4
  1113 | D:2      | Found a faded altar of an unknown god.
  1664 | D:3      | Noticed an ice beast
  1814 | D:3      | Reached skill level 1 in Armour
  1832 | D:3      | Reached XP level 5. HP: 34/39 MP: 5/5
  1968 | D:3      | Noticed Jessica
  1969 | D:3      | Killed Jessica
  2189 | D:3      | Found a blossoming altar of Fedhas.
  2554 | D:3      | Killed an ice beast
  2555 | D:3      | Reached skill level 6 in Crossbows
  2555 | D:3      | Reached XP level 6. HP: 6/47 MP: 6/6
  3052 | D:4      | Noticed an ogre
  3066 | D:4      | Killed an ogre
  3320 | D:4      | Reached XP level 7. HP: 52/52 MP: 7/7
  3890 | D:4      | Reached skill level 7 in Crossbows
  4218 | D:5      | Entered Level 5 of the Dungeon
  4220 | D:5      | Found Juci's Neck Hole.
  4281 | D:5      | Reached XP level 8. HP: 52/60 MP: 8/8
  4342 | D:5      | Found Cioligou's Book Emporium.
  4704 | D:5      | Noticed Blork the orc
  4709 | D:5      | Killed Blork the orc
  4814 | D:5      | Reached skill level 8 in Crossbows
  5103 | D:6      | Learned a level 1 spell: Freeze
  5285 | D:6      | Reached skill level 5 in Fighting
  5285 | D:6      | Reached XP level 9. HP: 36/68 MP: 9/9
  5494 | D:6      | Found a glowing silver altar of Zin.
  5494 | D:6      | Found an opulent altar of Gozag.
  5868 | D:6      | Reached skill level 9 in Crossbows
  6117 | D:6      | Noticed Grinder
  6132 | D:6      | Killed Grinder
  6719 | D:7      | HP: 4/103 [poisoned by a killer bee]
  6720 | D:7      | Gained mutation: You are frail. (-10% HP) [potion of
                  | mutation]
  6720 | D:7      | Gained mutation: You are partially covered in iridescent
                  | scales. (AC +2) [potion of mutation]
  6720 | D:7      | Gained mutation: You have large cloven feet. [potion of
                  | mutation]
  6722 | D:7      | HP: 1/93 [poisoned by a killer bee]
  6723 | D:7      | Succumbed to a killer bee's poison

Illustrated notes

Levels and vault maps discovered:
D:1:      scummos_arrival_star, layout_loops_ring, serial_bayou_pond_c
D:2:      layout_rooms, ebering_ecumenical_altar_abandoned, minmay_pentomino_w4
D:3:      layout_loops_corners, lemuel_tele_altar, minmay_misc_feat_nine_boxes,
          uniq_jessica
D:4:      black_bear_nest_1, layout_cave_pools
D:5:      layout_basic, serial_shops, shop, minmay_misc_feat_encased,
          nicolae_shop_sticking_my_neck_out, uniq_blork_the_orc
D:6:      layout_gridville, grunt_temple_overflow_gold_and_silver, uniq_grinder
D:7:      layout_cave_pools, minmay_temple_entry_junction, enter_bailey_2,
          chequers_serial_rivers_micro_e, uniq_maggie

Skill      XL: |  1  2  3  4  5  6  7  8  9 |
---------------+----------------------------+-----
Crossbows      | 5 6 7 8 9 |  9.6
Armour         | 1 2 3 4 |  4.5
Fighting       | 3 4 5 |  5.9
Stealth        | 2 |  2.6
Dodging        | 3 |  3.2
Short Blades   | |  0.5
Throwing       | |  0.2

Action                   |  1- 3 |  4- 6 |  7- 9 || total
-------------------------+-------+-------+-------++-------
Melee: Short sword       |    13 |       |     9 ||    22
 Fire: Hand crossbow     |    57 |    98 |   221 ||   376
Throw: Dart              |       |       |     3 ||     3
 Cast: Freeze            |       |       |     1 ||     1
  Use: Scroll            |       |       |     6 ||     6
       Potion            |       |       |     6 ||     6
Armor: Leather armour    |     5 |       |       ||     5
       Ring mail         |     2 |    16 |    52 ||    70
Dodge: Dodged            |    16 |    23 |    92 ||   131
